 Dungeon Crawl Stone Soup version 0.28.0-45-g0d030f2227 (webtiles) character file.

Game seed: 14203437629765188949

206 nickcage the Firebug (level 5, -7/38 HPs)
             Began as a Draconian Fire Elementalist on Apr 13, 2022.
             Blown up by a gnoll (13 damage)
             ... with a mindburst bolt
             ... on level 3 of the Dungeon.
             The game lasted 00:09:32 (3649 turns).

nickcage the Firebug (Draconian Fire Elementalist)  Turns: 3649, Time: 00:09:32

Health: -7/38      AC:  6    Str: 11    XL:     5   Next: 53%
Magic:  3/11       EV: 12    Int: 17    God:
Gold:   117        SH:  0    Dex: 11    Spells: 2/12 levels left

rFire   . . .      SeeInvis .   j - +0 rapier
rCold   . . .      Faith    .   (no shield)
rNeg    . . .      Spirit   .   (armour unavailable)
rPois   .          Reflect  .   (helmet restricted)
rElec   .          Harm     .   p - +0 cloak
rCorr   .          Rampage  .   (no gloves)
Will    .....                   (no boots)
Stlth   ++........              (no amulet)
HPRegen 0.12/turn               (no ring)
MPRegen 0.12/turn               (no ring)

@: no status effects
A: AC +5, unfitting armour, cold-blooded
a: no special abilities


You were on level 3 of the Dungeon.
You visited 1 branch of the dungeon, and saw 3 of its levels.

You collected 117 gold pieces.

Inventory:

Hand Weapons
 a - a +0 short sword
 j - a +0 rapier (weapon)
 n - a +0 whip of venom
Armour
 p - a +0 cloak (worn)
Jewellery
 l - a ring of ice
Wands
 m - a wand of acid (7)
Scrolls
 b - 2 scrolls of noise {unknown}
 c - a scroll of enchant weapon {unknown}
 d - 2 scrolls of amnesia {unknown}
 f - a scroll of brand weapon {unknown}
 g - a scroll of identify {unknown}
 i - 2 scrolls of blinking {unknown}
 k - a scroll of teleportation {unknown}
Potions
 e - a potion of ambrosia {unknown}
 h - a potion of brilliance {unknown}
 o - 2 potions of mutation {unknown}


   Skills:
 - Level 1.7 Dodging
 - Level 1.7 Stealth
 - Level 4.0 Spellcasting
 + Level 1.1 Conjurations
 + Level 4.9 Fire Magic


You had 2 spell levels left.
You knew the following spells:

 Your Spells              Type           Power      Damage    Failure   Level
a - Foxfire               Conj/Fire      52%        2x1d6     4%          1
b - Scorch                Fire           40%        2d7       3%          2
c - Conjure Flame         Conj/Fire      13%        6-21      14%         3
d - Flame Wave            Conj/Fire      13%        2d6       41%         4

Your spell library contained the following spells:

 Spells                   Type           Power      Damage    Failure   Level
 Ensorcelled Hibernation  Hex/Ice        6%         N/A       24%         2
 Passwall                 Tmut/Erth      2%         N/A       24%         2
 Inner Flame              Hex/Fire       11%        N/A       17%         3
 Swiftness                Air            3%         N/A       43%         3


Dungeon Overview and Level Annotations

Branches:
Dungeon (3/15)

Altars:
Uskayaw


Innate Abilities, Weirdness & Mutations

Your plain brown scales are hard. (AC +5)
You cannot fit into any form of body armour.
You are cold-blooded and may be slowed by cold attacks.


Message History

Flames lash the gnoll.
The gnoll is moderately wounded.
The gnoll's fire resistance burns away.
You hear a shout!
Flames lash the gnoll.
The gnoll is burned terribly!
You kill the gnoll!
Natasha, Servant of Life and Death comes into view.
Natasha howls an incantation.
Natasha's front paws start to glow.
Flames lash Natasha.
Natasha is heavily wounded.
Natasha's fire resistance burns away.
Natasha hisses.
Natasha claws you but does no damage.
Flames lash Natasha.
Natasha is burned terribly!
You kill Natasha!
Natasha screams in pain as she dies!
A gnoll comes into view.
It is wielding a +0 trident and carrying a wand of mindburst (5).
Flames lash the gnoll.
The gnoll is lightly wounded.
The gnoll's fire resistance burns away.
A gnoll comes into view. It is wielding a +0 halberd.
The gnoll is no longer more vulnerable to fire.
The gnoll shouts!
The gnoll zaps a wand.
Your mind is blasted!
The gnoll throws a stone.
The stone barely misses you.
The gnoll zaps a wand.
Your mind is blasted!
The gnoll zaps a wand.
Your mind is blasted!
* * * LOW HITPOINT WARNING * * *
Things that are here:
a +0 ring mail; a +0 flail The gnoll zaps a wand.
Your mind is blasted!
* * * LOW HITPOINT WARNING * * *
Things that are here:
a +0 falchion; a +0 leather armour The gnoll throws a stone.
The stone hits you but does no damage.
There is a stone staircase leading up, spattered with blood here.
The gnoll throws a stone.
The stone hits you but does no damage.
The gnoll zaps a wand.
Your mind is blasted!
You die...

#.#.................# ####
#....8.....8...#....##########...
#._...........##.g...............
#....8.....8....g...........#####
#.#.................#########
#......8.8....##....#
####..........##[...#
#..........##)...#
#############@...# ######


You could see 2 gnolls.

Vanquished Creatures
  Natasha (D:3)
  Robin (D:3)
  5 gnolls
  5 adders
  A worm (D:3)
  4 orcs
  4 endoplasms
  2 giant cockroaches
  15 goblins
  3 hobgoblins (D:3)
  4 quokkas
  4 ball pythons
  8 bats
  4 frilled lizards
  6 kobolds
  5 rats
72 creatures vanquished.

Vanquished Creatures (others)
  26 foxfires
26 creatures vanquished.

Grand Total: 98 creatures vanquished

Notes
Turn   | Place    | Note
-------+----------+-------------------------------------------
     0 | D:1      | nickcage the Draconian Fire Elementalist began the quest
                  | for the Orb.
     0 | D:1      | Reached XP level 1. HP: 14/14 MP: 3/3
   395 | D:1      | Reached XP level 2. HP: 9/20 MP: 0/5
   585 | D:1      | Learned a level 2 spell: Scorch
   896 | D:1      | Found a faded altar of an unknown god.
  1113 | D:2      | Reached XP level 3. HP: 25/26 MP: 0/7
  1551 | D:2      | Reached XP level 4. HP: 33/33 MP: 3/9
  1898 | D:2      | Learned a level 3 spell: Conjure Flame
  1903 | D:2      | Learned a level 4 spell: Flame Wave
  3158 | D:3      | Reached XP level 5. HP: 38/38 MP: 8/11
  3314 | D:3      | Noticed Robin
  3317 | D:3      | Killed Robin
  3620 | D:3      | Found a hide-covered altar of Uskayaw.
  3631 | D:3      | Noticed Natasha
  3634 | D:3      | Killed Natasha
  3649 | D:3      | Blown up by a gnoll

Illustrated notes

Levels and vault maps discovered:
D:1:      lightli_arrival_noodles, layout_basic, ebering_ecumenical_altar_rust
D:2:      layout_basic, amcnicky_mini_rare_corridor_liquid
D:3:      layout_rooms, nicolae_uskayaw_dance_hall, uniq_robin, uniq_natasha

Skill      XL: |  1  2  3  4 |
---------------+-------------+-----
Spellcasting   | 3 4 |  4.0
Fire Magic     | 4 |  4.9
Dodging        | |  1.7
Stealth        | |  1.7
Conjurations   | |  1.1

Action                   |  1- 3 |  4- 6 || total
-------------------------+-------+-------++-------
Melee: Short sword       |    32 |     7 ||    39
       Tailslap          |     5 |       ||     5
       Unarmed           |     1 |       ||     1
       Rapier            |       |     9 ||     9
       Punch             |       |     1 ||     1
 Cast: Foxfire           |    17 |       ||    17
       Scorch            |    20 |    56 ||    76
Armor: Skin              |    12 |    13 ||    25
Dodge: Dodged            |    27 |    14 ||    41
